 Dungeon Crawl Stone Soup version 0.21.1-1-g345015f (webtiles) character file.

3747 reamonnk the Fighter (level 9, -3/82 HPs)
             Began as a Minotaur Berserker on June 22, 2018.
             Was an Elder of Trog.
             Killed from afar by an electric eel (11 damage)
             ... with a bolt of electricity
             ... on level 9 of the Dungeon on June 23, 2018.
             The game lasted 01:01:03 (9697 turns).

reamonnk the Fighter (Minotaur Berserker)           Turns: 9697, Time: 01:01:03

Health: -3/82      AC: 12    Str: 29    XL:     9   Next: 93%
Magic:  8/8        EV: 13    Int:  4    God:    Trog [****..]
Gold:   453        SH:  4    Dex: 10    Spells: 8/8 levels left

rFire    . . .     SeeInvis .   y - +3 hunting sling (flame)
rCold    . . .     Gourm    .   o - +0 buckler
rNeg     . . .     Faith    .   t - +1 scale mail
rPois    .         Spirit   .   (helmet restricted)
rElec    .         Reflect  .   (no cloak)
rCorr    .         Harm     .   (no gloves)
MR       .....                  f - +2 pair of boots
Stlth    ..........             p - amulet of rage
HPRegen  0.23/turn              K - ring of loudness (curse)
MPRegen  0.11/turn              W - +4 ring of strength

@: no status effects
A: retaliatory headbutt, horns 2
a: Berserk, Trog's Hand, Brothers in Arms, Burn Spellbooks, Renounce Religion,
Evoke Berserk Rage


You were on level 9 of the Dungeon.
You worshipped Trog.
Trog was greatly pleased with you.
You were not hungry.

You visited 1 branch of the dungeon, and saw 9 of its levels.

You collected 453 gold pieces.

Inventory:

Hand Weapons
 a - a +0 mace
 i - a +0 spear of flaming
 j - a +1 dagger of electrocution
 y - a +3 hunting sling of flaming (weapon)
 J - a +2 whip of venom
 P - a +1 vampiric trident
 Q - a +5 flail
Missiles
 A - 128 stones (quivered)
Armour
 f - a +2 pair of boots (worn)
 o - a +0 buckler (worn)
 t - a +1 scale mail (worn)
 w - a +1 leather armour of positive energy
 X - a +0 leather armour
Jewellery
 p - an amulet of rage (around neck)
 I - the ring of Amelioration {rElec rF+ rC+ Int-3}
   (You found it on level 6 of the Dungeon)

   [ring of protection from cold]

   It affects your intelligence (-3).
   It protects you from fire.
   It protects you from cold.
   It insulates you from electricity.
 K - a cursed ring of loudness (left hand)
 N - an uncursed ring of stealth
 W - a +4 ring of strength (right hand)
Wands
 G - a wand of paralysis (26)
 H - a wand of flame (65)
 L - a wand of iceblast (9)
Scrolls
 g - 3 scrolls of enchant weapon
 k - 5 scrolls of teleportation
 m - 2 scrolls of identify
 n - a scroll of remove curse {unknown}
 C - 2 scrolls of amnesia
 D - a scroll of fear {unknown}
 E - a scroll of enchant armour
 F - a scroll of acquirement {unknown}
 M - a scroll of noise {unknown}
 O - a scroll of fog {unknown}
 R - a scroll of random uselessness {unknown}
 V - a scroll of magic mapping {unknown}
Potions
 h - 4 potions of curing {unknown}
 q - a potion of mutation {unknown}
 r - 4 potions of heal wounds {unknown}
 u - a potion of lignification {unknown}
 x - 2 potions of cancellation {unknown}
 z - 2 potions of degeneration {unknown}
 B - a potion of might {unknown}
Comestibles
 c - 19 rations


   Skills:
 + Level 8.4 Fighting
 - Level 1.0 Short Blades
 + Level 8.4 Maces & Flails
 - Level 6.0 Polearms
 + Level 8.0 Armour
 + Level 7.4 Dodging
 - Level 4.0 Shields


You had 8 spell levels left.
You didn't know any spells.

Dungeon Overview and Level Annotations

Branches:
Dungeon (9/15)             Temple (0/1) D:6
   Lair: D:8-11         Orc: D:9-12

Altars:
Ashenzari
Elyvilon
Kikubaaqudgha
Nemelex Xobeh
Okawaru
Sif Muna
Trog
Uskayaw
Xom

Shops:
D:5 }   D:6 (

Annotations:
D:2 Robin


Innate Abilities, Weirdness & Mutations

You reflexively headbutt those who attack you in melee.
You have a pair of horns on your head.


Message History

The bolt of electricity misses the electric eel.
Firing (i - inventory):
A - 129 stones (quivered)
Press: ? - help, Shift-Dir - straight line, f/p - electric eel
Aim: an electric eel (water, almost dead)
You shoot a stone.
The stone barely misses the electric eel.
The electric eel shoots out a bolt of lightning at you!
The bolt of electricity hits you! x2
* * * LOW HITPOINT WARNING * * *
The bolt of electricity hits the electric eel.
The electric eel completely resists.
Do you really want to go berserk while wielding your +3 hunting sling of flaming?
Okay, then.
The electric eel shoots out a bolt of lightning at you!
The bolt of electricity hits you!
* * * LOW HITPOINT WARNING * * *
You see here a hound corpse.
The electric eel shoots out a bolt of lightning at you!
The bolt of electricity hits you!
You die...

..≈≈≈≈≈.≈≈≈....
..≈≈≈≈;.≈≈≈≈...
..≈≈≈.≈.(≈≈≈≈≈.
...≈≈.≈.≈≈≈.≈..
....≈...≈;..≈≈.
...............
...............
###.###†#######
#.....@##
######..#
######†###
#.....÷†<#
#.......†###
#..........#
#........#.#
#........#.#
#........#.#


You could see an electric eel.

Vanquished Creatures
  The ghost of Kagorn the Chopper, a novice HOFi of Beogh (D:5)
  A troll (D:9)
  2 hornets (D:8)
  Grinder (D:3)
  Eustachio (D:4)
  3 ice beasts
  A phantom (D:8)
  A sky beast (D:8)
  3 wolves (D:9)
  2 ogres
  2 centaurs
  The ghost of Exporg the Skirmisher, an amateur GrFi (D:3)
  A bullfrog (D:8)
  A wyvern skeleton (D:8)
  A scorpion (D:6)
  2 electric eels (D:5)
  2 crimson imps (D:6)
  7 hounds
  3 jellies
  5 orc priests
  3 orc wizards
  A bullfrog skeleton (D:9)
  A centaur skeleton (D:5)
  3 iguanas
  2 worker ants (D:5)
  A killer bee zombie (D:8)
  2 worker ant zombies
  4 gnolls
  3 adders
  2 shadow imps
  An adder zombie (D:4)
  An adder skeleton (D:5)
  4 worms
  A dart slug (D:2)
  2 leopard geckos
  19 orcs
  A bat zombie (D:7)
  4 giant cockroaches
  16 goblins
  11 hobgoblins
  3 quokkas
  3 ball pythons
  6 bats
  8 frilled lizards
  9 kobolds
  2 rats
  2 rat zombies (D:7)
156 creatures vanquished.

Notes
Turn   | Place    | Note
-------+----------+-------------------------------------------
     0 | D:1      | reamonnk the Minotaur Berserker began the quest for the Orb.
     0 | D:1      | Reached XP level 1. HP: 19/19 MP: 0/0
   237 | D:1      | Reached XP level 2. HP: 27/27 MP: 1/1
   983 | D:2      | Noticed Robin
   997 | D:2      | Reached XP level 3. HP: 25/33 MP: 2/2
  1274 | D:2      | Reached skill level 1 in Short Blades
  1450 | D:2      | Reached ** piety under Trog
  1450 | D:2      | Reached XP level 4. HP: 40/40 MP: 3/3
  1886 | D:2      | Found a sparkling altar of Nemelex Xobeh.
  2077 | D:2      | You fall through a shaft!
  2124 | D:3      | Reached skill level 1 in Polearms
  2227 | D:3      | Found an iron altar of Okawaru.
  2227 | D:3      | Found a white marble altar of Elyvilon.
  2252 | D:3      | Noticed Grinder
  2257 | D:3      | Noticed Exporg's ghost (amateur GrFi)
  2262 | D:3      | Killed Grinder
  2262 | D:3      | Reached skill level 1 in Shields
  2262 | D:3      | Reached XP level 5. HP: 47/47 MP: 4/4
  2262 | D:3      | Reached XP level 6. HP: 55/55 MP: 5/5
  2266 | D:3      | Killed Exporg's ghost
  2266 | D:3      | Reached skill level 5 in Fighting
  2343 | D:3      | Reached *** piety under Trog
  3158 | D:4      | Noticed Eustachio
  3208 | D:4      | Killed Eustachio
  3208 | D:4      | Reached skill level 5 in Maces & Flails
  3208 | D:4      | Reached XP level 7. HP: 59/61 MP: 6/6
  3342 | D:4      | Found a hide-covered altar of Uskayaw.
  3779 | D:5      | Entered Level 5 of the Dungeon
  3929 | D:5      | Noticed Kagorn's ghost (novice HOFi)
  3951 | D:5      | Killed Kagorn's ghost
  3951 | D:5      | Reached skill level 5 in Armour
  3951 | D:5      | Reached skill level 5 in Dodging
  3951 | D:5      | Reached XP level 8. HP: 70/70 MP: 7/7
  4107 | D:5      | Found a shattered altar of Ashenzari.
  4128 | D:5      | Found a transporter.
  4375 | D:5      | Found a transporter.
  4549 | D:5      | Found Tini's Gadget Shoppe.
  4573 | D:5      | Found a bloodstained altar of Trog.
  5780 | D:6      | Found Vitatol's Antique Weapon Emporium.
  5934 | D:6      | Got a crude wooden ring
  5956 | D:6      | Identified the ring of Amelioration {rElec rF+ rC+ Int-3} (You found it on level 6 of the Dungeon)
  5968 | D:6      | Reached skill level 5 in Polearms
  6174 | D:6      | Found a shimmering altar of Xom.
  6187 | D:6      | Found a staircase to the Ecumenical Temple.
  7718 | D:7      | Found an ancient bone altar of Kikubaaqudgha.
  8045 | D:8      | Reached XP level 9. HP: 79/79 MP: 8/8
  8364 | D:8      | Reached **** piety under Trog
  8595 | D:8      | Found a deep blue altar of Sif Muna.
  8888 | D:8      | Paralysed by a hornet for 3 turns
  9426 | D:9      | Noticed a troll
  9440 | D:9      | Killed a troll
  9697 | D:9      | Killed from afar by an electric eel

Skill      XL: |  1  2  3  4  5  6  7  8  9 |
---------------+----------------------------+-----
Fighting       | 4 5 6 7 8 |  8.4
Maces & Flails | 4 5 6 7 8 |  8.4
Armour         | 3 4 5 6 8 |  8.0
Short Blades   | 1 |  1.0
Dodging        | 3 4 5 6 7 |  7.4
Polearms       | 2 4 5 6 |  6.0
Shields        | 1 2 3 4 |  4.0

Action                   |  1- 3 |  4- 6 |  7- 9 || total
-------------------------+-------+-------+-------++-------
Melee: Mace              |    15 |       |       ||    15
       Headbutt          |     7 |    16 |    60 ||    83
       Dagger            |    38 |       |       ||    38
       Spear             |     9 |   123 |   194 ||   326
       Flail             |       |       |    94 ||    94
 Fire: Hunting sling     |       |       |    16 ||    16
Invok: Berserk           |     2 |     2 |     3 ||     7
       Trog's Hand       |       |       |     1 ||     1
       Burn Spellbooks   |       |       |     1 ||     1
  Use: Scroll            |       |       |     6 ||     6
  Eat: Ration            |     1 |     3 |     6 ||    10
       Chunk             |       |     2 |       ||     2
Armor: Leather armour    |    27 |    21 |       ||    48
       Scale mail        |       |    16 |    74 ||    90
Dodge: Dodged            |    43 |    59 |   115 ||   217
Block: Buckler           |       |     4 |    34 ||    38
